[Event "IIFL Wealth 4th Mumbai Open"]
[Site "Mumbai"]
[Date "2019.01.06"]
[Round "8"]
[White "Amrit, Raunak"]
[Black "Shetye, Shyam"]
[Result "1/2-1/2"]
[ECO "B07"]
[WhiteElo "1410"]
[BlackElo "1685"]
[Annotator "NA"]
[PlyCount "38"]
[EventDate "2018.12.30"]
[EventType "swiss"]
[EventCountry "IND"]
[SourceTitle "playchess.com"]
[Source "ChessBase"]
[SourceQuality "1"]
[TimeControl "40/5400+30:1800+30"]

1. e4 d6 2. d4 Nf6 3. Nc3 e5 4. dxe5 dxe5 5. Qxd8+ Kxd8 6. Bg5 Bb4 7. Bxf6+ gxf6 8. O-O-O+ Nd7 9. Nge2 c6 10. a3 Bc5 11. f3 Kc7 12. Ng3 Nb6 13. Be2 Be6 14. Rhf1 Nc4 15. Bxc4 Bxc4 16. Rh1 Rad8 17. Rd5 Rd7 18. Rxd7+ {[%emt 0:01:16] Rg8 Rd8 Rxd8 [%clk 1:12:28] Rd1 [%clk 1:19:50] Rxd1+ [%clk 1:04:17] Kxd1 [%clk 1:18:02] b5 [%clk 0:59:40] Nb1 [%clk 1:14:56] a5 [%clk 0:55:25] Nd2 [%clk 1:15:00] Be6 [%clk 0:54:58] Nh5 [%clk 1:11:23] Be7 [%clk 0:54:32] Nf1 [%clk 1:09:09] f5 [%clk 0:51:59] Ng7 [%clk 1:08:21] f4 [%clk 0:45:37] Nxe6+ [%clk 1:08:23] fxe6 [%clk 0:46:01] h3 [%clk 1:08:03] a4 [%clk 0:43:16] Nh2 [%clk 1:08:25] h5 [%clk 0:43:07] Nf1 [%clk 1:08:21] Kd6 [%clk 0:43:11] Kd2 [%clk 1:06:49] Bd8 [%clk 0:39:54] b4 [%clk 1:05:38] Ke7 [%clk 0:26:34] Ke2 [%clk 1:03:55] Kf6 [%clk 0:26:02] Nd2 [%clk 1:04:18] Bb6 [%clk 0:24:37] c4 [%clk 0:58:25] Bd4 [%clk 0:23:14] cxb5 [%clk 0:57:34] cxb5 [%clk 0:23:31] h4 [%clk 0:53:59] Ke7 [%clk 0:21:59] Nb1 [%clk 0:52:54]} Kxd7 {[%emt 0:51:11] Kf1 [%clk 0:53:08] Kc6 [%clk 0:22:16] Nd2 [%clk 0:53:07] Bb6 [%clk 0:19:32]} 19. Nb1 {[%emt 0:27:01] Bd8 [%clk 0:18:24] Kg1 [%clk 1:22:33] Bxh4 [%clk 0:43:48] Kf1 [%clk 1:22:38] Bd8 [%clk 0:43:48] Kg1 [%clk 1:21:28]} Bb6 {[%emt 0:00:00] Kh2 [%clk 1:21:48] Bf2 [%clk 0:30:12] Kh3 [%clk 1:21:04] Be1 Kh2} 1/2-1/2

[Event "IIFL Wealth 4th Mumbai Open"]
[Site "Mumbai"]
[Date "2019.01.06"]
[Round "8"]
[White "Vinod, Chaturvedi"]
[Black "Shreyas, Ghadi"]
[Result "0-1"]
[ECO "E06"]
[WhiteElo "1387"]
[BlackElo "1653"]
[Annotator "NA"]
[PlyCount "72"]
[EventDate "2018.12.30"]
[EventType "swiss"]
[EventCountry "IND"]
[SourceTitle "playchess.com"]
[Source "ChessBase"]
[SourceQuality "1"]
[TimeControl "40/5400+30:1800+30"]

1. d4 Nf6 2. Nf3 e6 3. c4 d5 4. g3 Be7 5. Bg2 O-O 6. b3 b6 7. O-O Bb7 8. a3 Nbd7 9. Nbd2 Rc8 10. Bb2 c5 11. e3 Bd6 12. Re1 Qc7 13. Rc1 Qb8 14. e4 dxe4 15. Ng5 cxd4 16. Ndxe4 Bxe4 17. Bxe4 e5 18. Bb1 h6 19. Ne4 Rfe8 20. Qf3 Rcd8 21. Rcd1 Nxe4 22. Rxe4 Qa8 23. Qf5 g6 24. Qh3 h5 25. Re2 Qf3 26. Rde1 Nf6 27. b4 d3 28. Rd2 Ne4 29. Re3 Nxd2 30. Rxf3 Nxf3+ 31. Kh1 d2 32. Bc2 Ne1 33. Bd1 Nd3 34. Bc2 Ne1 35. Bc3 e4 36. Bxd2 Nxc2 0-1

[Event "IIFL Wealth 4th Mumbai Open"]
[Site "Mumbai"]
[Date "2019.01.07"]
[Round "9"]
[White "Sa, Kannan"]
[Black "Raghav, Srivathsav V"]
[Result "1-0"]
[ECO "E81"]
[WhiteElo "2069"]
[BlackElo "2056"]
[Annotator "NA RC"]
[PlyCount "69"]
[EventDate "2018.12.30"]
[EventType "swiss"]
[EventCountry "IND"]
[SourceTitle "playchess.com"]
[Source "ChessBase"]
[SourceQuality "1"]
[TimeControl "40/5400+30:1800+30"]

1. d4 Nf6 2. c4 g6 3. Nc3 Bg7 4. e4 d6 5. f3 O-O 6. Be3 c5 7. d5 a6 8. Qd2 Nbd7 9. Bh6 Re8 10. Bxg7 Kxg7 11. Bd3 Ne5 12. Nge2 e6 13. O-O exd5 14. Nxd5 Nxd5 15. exd5 b5 16. b3 Kg8 17. Rfe1 Bd7 18. Ng3 f5 19. Bf1 Qh4 20. Rac1 bxc4 21. Bxc4 a5 22. f4 Qh6 23. Nf1 Nxc4 24. bxc4 Qg7 25. Kf2 Rxe1 26. Rxe1 Rb8 27. Re2 Rb4 28. g3 a4 29. a3 Rxc4 30. Qa5 Qf8 31. Qc7 Be8 32. Re6 Re4 33. Ne3 Bf7 34. Rxd6 Qh6 35. h4 1-0

[Event "IIFL Wealth 4th Mumbai Open"]
[Site "Mumbai"]
[Date "2019.01.07"]
[Round "9"]
[White "Thatte Ashish P"]
[Black "Apoorv, Kamble"]
[Result "1-0"]
[ECO "D43"]
[WhiteElo "1957"]
[BlackElo "1458"]
[Annotator "NA RC"]
[PlyCount "79"]
[EventDate "2018.12.30"]
[EventType "swiss"]
[EventCountry "IND"]
[SourceTitle "playchess.com"]
[Source "ChessBase"]
[SourceQuality "1"]
[TimeControl "40/5400+30:1800+30"]

1. d4 Nf6 2. c4 e6 3. Nf3 d5 4. Nc3 c6 5. cxd5 exd5 6. Bg5 h6 7. Bh4 Bd6 8. Qc2 O-O 9. e3 Nbd7 10. Bd3 Re8 11. O-O Be7 12. Bg3 Nh5 13. Nxd5 Nxg3 14. Nxe7+ Qxe7 15. hxg3 c5 16. Bb5 a6 17. Bxd7 Bxd7 18. Qxc5 Qe4 19. Rac1 Rac8 20. Qd6 Bb5 21. Rfe1 Rc6 22. Qf4 Qd5 23. Rxc6 Bxc6 24. b3 g5 25. e4 Rxe4 26. Qxe4 Qxe4 27. Rxe4 Bxe4 28. Nd2 Bd3 29. f3 Kf8 30. Kf2 Bg6 31. Ke3 Ke7 32. d5 b6 33. Kd4 f6 34. Nc4 Bb1 35. a3 Bc2 36. b4 b5 37. Ne3 Bb1 38. Kc5 Bd3 39. Kc6 Kd8 40. Kd6 1-0

[Event "IIFL Wealth 4th Mumbai Open"]
[Site "Mumbai"]
[Date "2019.01.07"]
[Round "9"]
[White "Devesh Anand Naik"]
[Black "Samrat, Ghorai"]
[Result "1/2-1/2"]
[ECO "B24"]
[WhiteElo "1830"]
[BlackElo "1984"]
[Annotator "NA RC"]
[PlyCount "34"]
[EventDate "2018.12.30"]
[EventType "swiss"]
[EventCountry "IND"]
[SourceTitle "playchess.com"]
[Source "ChessBase"]
[SourceQuality "1"]
[TimeControl "40/5400+30:1800+30"]

1. e4 c5 2. Nc3 Nc6 3. Bb5 Nd4 4. Bc4 e6 5. Nf3 Nf6 6. e5 d5 7. Nxd4 cxd4 8. Bb5+ Nd7 9. Ne2 Qg5 10. Nxd4 Qxe5+ 11. Ne2 Qg5 12. Nd4 Qe5+ 13. Ne2 Qg5 14. Ng3 Qe5+ 15. Ne2 Qg5 16. Ng3 Qe5+ 17. Ne2 Qg5 1/2-1/2

[Event "IIFL Wealth 4th Mumbai Open"]
[Site "Mumbai"]
[Date "2019.01.07"]
[Round "9"]
[White "Unni, C. S."]
[Black "Amrit, Raunak"]
[Result "1-0"]
[ECO "D11"]
[WhiteElo "1827"]
[BlackElo "1410"]
[Annotator "NA RC"]
[PlyCount "91"]
[EventDate "2018.12.30"]
[EventType "swiss"]
[EventCountry "IND"]
[SourceTitle "playchess.com"]
[Source "ChessBase"]
[SourceQuality "1"]
[TimeControl "40/5400+30:1800+30"]

1. d4 d5 2. c4 c6 3. Nf3 Nf6 4. g3 e6 5. Bg2 dxc4 6. a4 Bb4+ 7. Bd2 Bxd2+ 8. Nbxd2 O-O 9. Nxc4 Nbd7 10. O-O Nb6 11. Nce5 Nbd7 12. a5 Nxe5 13. Nxe5 Nd7 14. Nd3 Qf6 15. e3 e5 16. dxe5 Nxe5 17. Nxe5 Qxe5 18. Qb3 Qe7 19. a6 Rb8 20. axb7 Rxb7 21. Qa3 Qf6 22. Rac1 Bd7 23. b4 Rfb8 24. Rc4 Rc7 25. Rfc1 g6 26. Rc5 Qe7 27. Qc3 Rcb7 28. Bxc6 Rxb4 29. Bxd7 Qxd7 30. Rc7 Qf5 31. Rxa7 Qf3 32. Rc7 Rb2 33. Rc8+ Rxc8 34. Qxc8+ Kg7 35. Qc3+ Qf6 36. Qxf6+ Kxf6 37. Rc7 Rb6 38. h4 h5 39. Kg2 Re6 40. Kf3 Re7 41. Rc6+ Re6 42. Rxe6+ Kxe6 43. Kf4 f5 44. Kg5 Kf7 45. f3 Kg7 46. e4 1-0

[Event "IIFL Wealth 4th Mumbai Open"]
[Site "Mumbai"]
[Date "2019.01.07"]
[Round "9"]
[White "Barde Om"]
[Black "Akshit Jha"]
[Result "1-0"]
[ECO "B40"]
[WhiteElo "1801"]
[BlackElo "1604"]
[Annotator "NA RC"]
[PlyCount "189"]
[EventDate "2018.12.30"]
[EventType "swiss"]
[EventCountry "IND"]
[SourceTitle "playchess.com"]
[Source "ChessBase"]
[SourceQuality "1"]
[TimeControl "40/5400+30:1800+30"]

1. e4 c5 2. Nf3 e6 3. c3 d5 4. exd5 exd5 5. d4 Nf6 6. Be2 Bd6 7. O-O O-O 8. Bg5 Be6 9. Nbd2 Nc6 10. dxc5 Bxc5 11. Nb3 Bd6 12. Nbd4 Nxd4 13. Qxd4 Be7 14. Rad1 h6 15. Bh4 Qa5 16. a3 a6 17. Qd3 b5 18. Nd4 Qb6 19. Rfe1 Rfe8 20. Bf3 Bd8 21. Bg3 Bc7 22. Rd2 Bg4 23. Rde2 Bxf3 24. Qxf3 Ne4 25. Nf5 Bxg3 26. Nxg3 Qc6 27. Nxe4 dxe4 28. Rxe4 Rxe4 29. Qxe4 Qxe4 30. Rxe4 Rd8 31. Rd4 Ra8 32. Kf1 Kf8 33. Ke2 Ke7 34. Kd2 Rc8 35. Kc2 Ke6 36. Kb3 f5 37. a4 Ke5 38. axb5 axb5 39. Kb4 Rb8 40. Rd2 g5 41. c4 bxc4+ 42. Kxc4 Rc8+ 43. Kb5 Rb8+ 44. Ka6 Ra8+ 45. Kb7 Ra1 46. Kc6 Rb1 47. Kb5 f4 48. f3 h5 49. h3 Kf5 50. b4 g4 51. h4 gxf3 52. gxf3 Rb3 53. Rf2 Ke5 54. Kc4 Rb1 55. Re2+ Kf5 56. Rc2 Rf1 57. Rc3 Ke5 58. Kc5 Re1 59. b5 Re3 60. Kc4 Re1 61. b6 Rb1 62. Rb3 Rc1+ 63. Kd3 Rd1+ 64. Ke2 Rd8 65. b7 Rb8 66. Kd3 Kd5 67. Rb1 Kc6 68. Ke4 Rxb7 69. Rxb7 Kxb7 70. Kxf4 Kc6 71. Kg5 Kd5 72. Kxh5 Ke5 73. Kg6 Kf4 74. h5 Kxf3 75. h6 Ke4 76. h7 Kd4 77. h8=Q+ Ke4 78. Qd8 Ke5 79. Qd3 Ke6 80. Qe4+ Kd6 81. Qf5 Kc6 82. Kg5 Kd6 83. Kf4 Kc6 84. Ke4 Kd6 85. Qd5+ Ke7 86. Qc6 Kf7 87. Kf5 Ke7 88. Qe6+ Kd8 89. Qf7 Kc8 90. Ke5 Kb8 91. Kd6 Ka8 92. Kc6 Kb8 93. Kb6 Kc8 94. Qe7 Kb8 95. Qd8# 1-0

[Event "IIFL Wealth 4th Mumbai Open"]
[Site "Mumbai"]
[Date "2019.01.07"]
[Round "9"]
[White "Abhinessh S"]
[Black "Aditya Varun Gampa"]
[Result "0-1"]
[ECO "B40"]
[WhiteElo "1790"]
[BlackElo "1809"]
[Annotator "NA RC"]
[PlyCount "120"]
[EventDate "2018.12.30"]
[EventType "swiss"]
[EventCountry "IND"]
[SourceTitle "playchess.com"]
[Source "ChessBase"]
[SourceQuality "1"]
[TimeControl "40/5400+30:1800+30"]

1. e4 c5 2. Nf3 e6 3. c3 Nf6 4. d3 d5 5. Qc2 Nc6 6. Be2 Bd6 7. O-O O-O 8. Bg5 b6 9. Nbd2 h6 10. Bh4 Bb7 11. Rfe1 Rc8 12. Rad1 Be7 13. Bg3 Nh5 14. e5 Nxg3 15. hxg3 Qc7 16. Bf1 b5 17. Qb1 a5 18. a4 bxa4 19. Qa2 Ba6 20. Qxa4 Rb8 21. Rb1 d4 22. Qc2 Rb7 23. cxd4 Nb4 24. Qc3 cxd4 25. Nxd4 Rd8 26. N2f3 Qb6 27. Re4 Rbd7 28. Nb3 Rxd3 29. Bxd3 Rxd3 30. Qe1 Rxb3 31. Rg4 Nd3 32. Qd2 Nxf2 33. Qxf2 Bc5 34. Nd4 Rd3 35. Qf6 Bf8 36. Rf1 Qxd4+ 37. Rxd4 gxf6 38. Rxd3 Bxd3 39. Rd1 Bc4 40. exf6 Bd5 41. Kf2 Kh7 42. Ke3 Kg6 43. Kd4 Kxf6 44. Ra1 Bb4 45. Rf1+ Kg6 46. Rf4 f5 47. Rf2 Kg5 48. Re2 Kg4 49. Re3 h5 50. Ke5 Bc5 51. Rc3 Bf2 52. Rc8 Bxg3+ 53. Kf6 Bxg2 54. Kxe6 f4 55. Rg8+ Kh3 56. Rg5 h4 57. Rxa5 f3 58. Rf5 f2 59. b4 f1=Q 60. Rxf1 Bxf1 0-1

[Event "IIFL Wealth 4th Mumbai Open"]
[Site "Mumbai"]
[Date "2019.01.07"]
[Round "9"]
[White "Bhagyashree, Patil"]
[Black "Kohad Dipesh"]
[Result "1-0"]
[ECO "C05"]
[WhiteElo "1758"]
[BlackElo "1683"]
[Annotator "NA RC"]
[PlyCount "101"]
[EventDate "2018.12.30"]
[EventType "swiss"]
[EventCountry "IND"]
[SourceTitle "playchess.com"]
[Source "ChessBase"]
[SourceQuality "1"]
[TimeControl "40/5400+30:1800+30"]

1. e4 e6 2. d4 d5 3. Nd2 Nf6 4. e5 Nfd7 5. f4 c5 6. c3 Nc6 7. Ndf3 Qb6 8. Ne2 cxd4 9. cxd4 Bb4+ 10. Bd2 Be7 11. Rb1 f6 12. a3 fxe5 13. fxe5 O-O 14. Qc2 Qd8 15. Qd3 Nb6 16. g3 Nc4 17. Bg2 Nxd2 18. Qxd2 Na5 19. O-O Bd7 20. Nf4 Nc4 21. Qd3 g5 22. Ne2 Be8 23. Qb3 g4 24. Nh4 Rxf1+ 25. Rxf1 Nd2 26. Qxb7 Nxf1 27. Bxf1 Bxh4 28. gxh4 Rb8 29. Qxa7 Rxb2 30. Qc5 Qxh4 31. a4 Qg5 32. Qc3 Rb8 33. a5 Qd8 34. Nf4 Bf7 35. a6 Qb6 36. Be2 Qb3 37. Qxb3 Rxb3 38. Nd3 Ra3 39. Nc5 h5 40. Bb5 Ra5 41. Nb3 Ra3 42. Nc5 Ra1+ 43. Kf2 Ra5 44. Bc6 Kf8 45. Kg3 Ke7 46. Kh4 Kd8 47. Nb7+ Kc7 48. Nxa5 Kb6 49. Bb7 Be8 50. Nb3 Bb5 51. Nc5 1-0

[Event "IIFL Wealth 4th Mumbai Open"]
[Site "Mumbai"]
[Date "2019.01.07"]
[Round "9"]
[White "Shivasubramanian R"]
[Black "Bheri Yaswanth"]
[Result "1-0"]
[ECO "A45"]
[WhiteElo "1738"]
[BlackElo "1550"]
[Annotator "NA RC"]
[PlyCount "51"]
[EventDate "2018.12.30"]
[EventType "swiss"]
[EventCountry "IND"]
[SourceTitle "playchess.com"]
[Source "ChessBase"]
[SourceQuality "1"]
[TimeControl "40/5400+30:1800+30"]

1. d4 Nf6 2. Bf4 e6 3. e3 d5 4. Nd2 Bd6 5. Bg3 O-O 6. Bd3 c5 7. c3 Nc6 8. Ngf3 Re8 9. Ne5 cxd4 10. exd4 Bxe5 11. dxe5 Nd7 12. Qh5 g6 13. Qe2 Nc5 14. Nf3 Qb6 15. Rd1 Nxd3+ 16. Rxd3 Ne7 17. Bh4 Nf5 18. Bf6 d4 19. Nxd4 Nxd4 20. Rxd4 Qc5 21. Rd6 h6 22. O-O b5 23. Rfd1 Bb7 24. R1d4 Bd5 25. Qd2 Kh7 26. Qxh6+ 1-0

[Event "IIFL Wealth 4th Mumbai Open"]
[Site "Mumbai"]
[Date "2019.01.07"]
[Round "9"]
[White "Pawar, Harshit"]
[Black "Bhaskar, N S"]
[Result "0-1"]
[ECO "B00"]
[WhiteElo "1719"]
[BlackElo "1463"]
[Annotator "NA RC"]
[PlyCount "185"]
[EventDate "2018.12.30"]
[EventType "swiss"]
[EventCountry "IND"]
[SourceTitle "playchess.com"]
[Source "ChessBase"]
[SourceQuality "1"]
[TimeControl "40/5400+30:1800+30"]

1. e4 b6 2. d4 Bb7 3. Bd3 e6 4. Nf3 Nf6 5. Qe2 d5 6. e5 Nfd7 7. c3 Be7 8. h4 h6 9. h5 c5 10. O-O Nc6 11. a3 Rc8 12. b4 cxd4 13. cxd4 O-O 14. Bd2 Re8 15. Nc3 Nf8 16. Kh2 f6 17. Bb5 fxe5 18. Bxc6 Bxc6 19. Nxe5 Bf6 20. Bf4 Bxe5 21. Bxe5 Nd7 22. Bg3 Qf6 23. Rad1 e5 24. dxe5 Nxe5 25. Nxd5 Qg5 26. Kg1 Ng4 27. Qa2 Kh8 28. Nf4 Ne3 29. Ng6+ Kh7 30. fxe3 Qxg3 31. Rf2 Qxe3 32. Qf7 Qg5 33. Rdf1 Be4 34. Qxa7 Qxh5 35. Nf4 Qb5 36. Qf7 Rf8 37. Qe7 Rce8 38. Qc7 Qg5 39. Nh3 Qg6 40. Nf4 Qg4 41. Qc1 Rf7 42. Qe3 b5 43. Qd2 Ree7 44. Qd6 Qg3 45. Qd2 Qxa3 46. Nh5 Rxf2 47. Rxf2 Qa1+ 48. Rf1 Qe5 49. Qd8 Bg6 50. Nf4 Qe3+ 51. Kh2 Bf5 52. Kh1 Qe5 53. Qb6 Rd7 54. Qf2 Qd4 55. Qe1 Qe4 56. Qxe4 Bxe4 57. Rf2 Rd1+ 58. Kh2 Rb1 59. Ne6 Rxb4 60. Rf4 Rc4 61. Rf7 b4 62. Rxg7+ Kh8 63. Rg3 Bc2 64. Nf8 b3 65. Ng6+ Bxg6 66. Rxb3 Be4 67. Rg3 Kh7 68. Rg4 Bd5 69. Rg3 Rc6 70. Rd3 Be4 71. Re3 Re6 72. Rb3 Kg6 73. Rb5 Bf5 74. Rb8 Kg5 75. Rb4 Re2 76. Rb3 h5 77. Rg3+ Bg4 78. Ra3 Kf4 79. Rb3 h4 80. Kg1 Bf5 81. Rf3+ Kg4 82. Kf1 Ra2 83. Re3 Rd2 84. Re8 Bd3+ 85. Kg1 Bf5 86. Rg8+ Kf4 87. Rh8 Kg3 88. Rg8+ Bg4 89. Rf8 Rxg2+ 90. Kh1 Rf2 91. Rf6 Rf4 92. Rxf4 {Kf2 Rf5+} Bf5 93. Kg1 {Kg3} 0-1

[Event "IIFL Wealth 4th Mumbai Open"]
[Site "Mumbai"]
[Date "2019.01.07"]
[Round "9"]
[White "Sawant, Akshay"]
[Black "Krishna Malay"]
[Result "0-1"]
[ECO "B23"]
[WhiteElo "1716"]
[BlackElo "1505"]
[Annotator "NA RC"]
[PlyCount "86"]
[EventDate "2018.12.30"]
[EventType "swiss"]
[EventCountry "IND"]
[SourceTitle "playchess.com"]
[Source "ChessBase"]
[SourceQuality "1"]
[TimeControl "40/5400+30:1800+30"]

1. e4 c5 2. Nc3 a6 3. a4 e6 4. Bc4 b6 5. Nf3 Bb7 6. O-O d5 7. exd5 exd5 8. Re1+ Be7 9. Ba2 Nf6 10. d4 O-O 11. Bg5 c4 12. Ne2 b5 13. c3 h6 14. Bxf6 Bxf6 15. Ng3 g6 16. Bb1 Nc6 17. axb5 axb5 18. Rxa8 Qxa8 19. h4 h5 20. Qe2 Qd8 21. Qc2 Re8 22. Rxe8+ Qxe8 23. Ne2 b4 24. Nf4 b3 25. Qd2 Nd8 26. Kh2 Bc6 27. Ng5 Bxg5 28. hxg5 Qe7 29. Ne2 Bd7 30. Qe3 Qxe3 31. fxe3 Ne6 32. Kg3 Nxg5 33. Kf4 f6 34. Bxg6 Ne6+ 35. Kg3 Ng5 36. Nf4 Kg7 37. Bxh5 Ne4+ 38. Kf3 Nxc3 39. Kf2 Ne4+ 40. Ke1 c3 41. Nd3 Bb5 42. Be2 Bxd3 43. Bxd3 cxb2 0-1

[Event "IIFL Wealth 4th Mumbai Open"]
[Site "Mumbai"]
[Date "2019.01.07"]
[Round "9"]
[White "Deepak, Rai"]
[Black "Vahdatian, Davood"]
[Result "1/2-1/2"]
[ECO "A45"]
[WhiteElo "1710"]
[BlackElo "2036"]
[Annotator "NA"]
[PlyCount "198"]
[EventDate "2018.12.30"]
[EventType "swiss"]
[EventCountry "IND"]
[SourceTitle "playchess.com"]
[Source "ChessBase"]
[SourceQuality "1"]
[TimeControl "40/5400+30:1800+30"]

1. d4 Nf6 2. Bf4 Nh5 3. Bg5 h6 4. Bh4 g5 5. e3 Nf6 6. Bg3 d6 7. Nc3 c6 8. h4 Bg7 9. e4 g4 10. Be2 Qa5 $11 (10... Qb6 $5 11. Rb1 Be6 $11) 11. Qd2 Nh5 12. Bh2 Bf6 13. g3 Ng7 14. f4 gxf3 15. Bxf3 Nd7 16. O-O-O c5 17. Nge2 cxd4 18. Nxd4 Ne5 19. Be2 Nc6 20. Bg1 Ne6 21. Nf5 Nc5 22. Bxc5 Bxc3 23. Qxc3 Qxc3 24. bxc3 dxc5 25. Rhf1 a6 26. Bh5 Rh7 27. Ne3 Be6 28. Nd5 O-O-O 29. Rf4 Bxd5 30. exd5 Ne5 31. Rf5 Ng6 32. Rdf1 Nh8 33. Bxf7 Nxf7 34. Rxf7 Rxf7 35. Rxf7 Kd7 36. Rg7 Rf8 37. Kb2 c4 38. g4 Rf4 39. Rg6 h5 40. gxh5 Rxh4 41. Rg5 Rh3 42. a4 a5 43. Rf5 Kd6 44. Rg5 Rf3 45. Rg4 Rh3 46. Rg5 Rf3 47. Rg4 Kxd5 48. Rh4 Rf7 49. h6 Rh7 50. Kc1 Ke5 51. Kd2 Kf5 52. Ke3 Kg5 53. Rxc4 Rxh6 54. Rc5+ Kf6 55. Rxa5 Rh3+ 56. Kd2 e5 57. Rb5 Rh7 58. a5 Kf5 59. Ke3 Rc7 60. Rb3 Rd7 61. Rb6 Rg7 62. Rb5 Rh7 63. Rb6 Rh3+ 64. Kd2 Rh2+ 65. Ke3 Rh7 66. Rb5 Rh3+ 67. Kd2 Kf4 68. Rxb7 Rh2+ 69. Kd3 e4+ 70. Kc4 e3 71. a6 Rh5 72. Re7 Ra5 73. a7 Kf3 74. Kb4 Ra1 75. Kb5 e2 76. Kb6 Rb1+ 77. Ka6 Ra1+ 78. Kb7 Rb1+ 79. Kc7 Ra1 80. Kb8 Rb1+ 81. Kc8 Ra1 82. Kb8 Rb1+ 83. Kc8 Ra1 84. Kb7 Rb1+ 85. Ka6 Ra1+ 86. Kb7 Rb1+ 87. Kc8 Ra1 88. Kb8 Rb1+ 89. Kc8 Ra1 90. Kb8 Rb1+ 91. Kc8 Ra1 92. Kb8 Rb1+ 93. Kc8 Ra1 94. Kb8 Rb1+ 95. Kc8 Ra1 96. Kb8 Rb1+ 97. Kc8 Ra1 98. Kb8 Rb1+ 99. Kc8 Ra1 1/2-1/2

[Event "IIFL Wealth 4th Mumbai Open"]
[Site "Mumbai"]
[Date "2019.01.07"]
[Round "9"]
[White "Shetye, Shyam"]
[Black "Negi Augustiya"]
[Result "1-0"]
[ECO "B84"]
[WhiteElo "1685"]
[BlackElo "1521"]
[Annotator "NA RC"]
[PlyCount "73"]
[EventDate "2018.12.30"]
[EventType "swiss"]
[EventCountry "IND"]
[SourceTitle "playchess.com"]
[Source "ChessBase"]
[SourceQuality "1"]
[TimeControl "40/5400+30:1800+30"]

1. e4 c5 2. Nc3 a6 3. Nf3 d6 4. d4 cxd4 5. Nxd4 Nf6 6. Be2 e6 7. O-O Be7 8. a4 Qc7 9. f4 Nc6 10. Be3 O-O 11. Kh1 Bd7 12. Nb3 b6 13. Bf3 Bc8 14. Qe1 Bb7 15. Qf2 Nd7 16. Rad1 Rfe8 17. g4 Bf8 18. g5 Nc5 19. Bg2 g6 20. Qh4 Nd7 21. Rf3 Bg7 22. Rh3 Nf8 23. f5 Bxc3 24. f6 h5 25. bxc3 e5 26. Bf3 Bc8 27. Rg3 Kh8 28. Rdg1 Nd8 29. Bxh5 gxh5 30. Qxh5+ Nh7 31. g6 fxg6 32. Rxg6 Qf7 33. Bh6 Be6 34. Bg7+ Kg8 35. Qh4 Bxb3 36. Qxh7+ Kxh7 37. Rh6+ {Rh8} 1-0

[Event "IIFL Wealth 4th Mumbai Open"]
[Site "Mumbai"]
[Date "2019.01.07"]
[Round "9"]
[White "Mayank Chakraborty"]
[Black "Mishra, Sanjeev"]
[Result "1/2-1/2"]
[ECO "C65"]
[WhiteElo "1677"]
[BlackElo "1662"]
[Annotator "NA RC"]
[PlyCount "169"]
[EventDate "2018.12.30"]
[EventType "swiss"]
[EventCountry "IND"]
[SourceTitle "playchess.com"]
[Source "ChessBase"]
[SourceQuality "1"]
[TimeControl "40/5400+30:1800+30"]

1. e4 e5 2. Nf3 Nc6 3. Bb5 Nf6 4. O-O Bc5 5. Re1 d6 6. c3 O-O 7. h3 Bb6 8. d4 h6 9. Be3 Bd7 10. Bd3 Re8 11. Nbd2 exd4 12. cxd4 Nb4 13. Bb1 Nc6 14. a3 Ne7 15. Nf1 Ng6 16. Ng3 Bc6 17. Nd2 a5 18. Bd3 a4 19. Qc2 Nf8 20. Rac1 Ba5 21. Re2 Bxd2 22. Bxd2 d5 23. e5 Ne4 24. Nxe4 dxe4 25. Bxe4 Ne6 26. Be3 Nxd4 27. Bxd4 Qxd4 28. Bxc6 bxc6 29. Qxc6 Rab8 30. Rce1 Re6 31. Qxc7 Rxb2 32. Rxb2 Qxb2 33. Qc5 Qd2 34. Re3 Rg6 35. Qc8+ Kh7 36. Qf5 Kg8 37. Qe4 Qd1+ 38. Kh2 Qf1 39. Rg3 Rxg3 40. Kxg3 Qd1 41. Qe3 Qb3 42. Kh2 g5 43. Qc5 Kg7 44. Qe7 Qb6 45. Kg3 Qb3+ 46. f3 Qe3 47. Qf6+ Kg8 48. Kg4 Qd4+ 49. f4 Qd1+ 50. Kg3 Qd3+ 51. Kh2 gxf4 52. Qxf4 Qxa3 53. Qxh6 Qe7 54. Qf4 a3 55. Qg4+ Kf8 56. Qc8+ Kg7 57. Qg4+ Kh6 58. Qf4+ Kg6 59. Qg3+ Kf5 60. Qf3+ Kxe5 61. Qe3+ Kf6 62. Qh6+ Kf5 63. Qh5+ Ke6 64. Qe2+ Kd7 65. Qb5+ Ke6 66. Qe2+ Kf6 67. Qf3+ Kg6 68. Qg3+ Kf6 69. Qh4+ Ke6 70. Qe4+ Kd6 71. Qb4+ Kd7 72. Qb7+ Ke6 73. Qe4+ Kd7 74. Qb7+ Ke8 75. Qa8+ Kd7 76. Qb7+ Kd6 77. Qb4+ Ke6 78. Qe4+ Kf6 79. Qh4+ Ke6 80. Qe4+ Kd7 81. Qb7+ Kd8 82. Qb8+ Kd7 83. Qb7+ Kd6 84. Qb4+ Ke6 85. Qe4+ 1/2-1/2

[Event "IIFL Wealth 4th Mumbai Open"]
[Site "Mumbai"]
[Date "2019.01.07"]
[Round "9"]
[White "Adireddy Tarun"]
[Black "Arhan Chethan Anand"]
[Result "0-1"]
[ECO "D35"]
[WhiteElo "1661"]
[BlackElo "1710"]
[Annotator "NA RC"]
[PlyCount "90"]
[EventDate "2018.12.30"]
[EventType "swiss"]
[EventCountry "IND"]
[SourceTitle "playchess.com"]
[Source "ChessBase"]
[SourceQuality "1"]
[TimeControl "40/5400+30:1800+30"]

1. d4 d5 2. c4 e6 3. Nc3 Nf6 4. cxd5 exd5 5. Bg5 c6 6. e3 Be7 7. Bd3 Nbd7 8. Qc2 h6 9. Bh4 Nh5 10. Bxe7 Qxe7 11. Nf3 Nf4 12. O-O Nxd3 13. Qxd3 O-O 14. Rfe1 Nf6 15. Ne5 Ne4 16. f3 Nd6 17. e4 Be6 18. exd5 cxd5 19. Ng4 Qd7 20. Ne3 Nc4 21. b3 Nxe3 22. Rxe3 a6 23. Na4 Bf5 24. Nb6 Qc6 25. Qxf5 Qxb6 26. Rd1 Qa5 27. Qc2 Rac8 28. Qd2 Qb6 29. Rde1 Qg6 30. Rc3 Rfe8 31. Rxc8 Rxc8 32. Rc1 Rxc1+ 33. Qxc1 Qd3 34. Qb2 b5 35. b4 h5 36. h4 f5 37. Kh2 Kh7 38. Kg3 g6 39. Kf4 Kg7 40. Ke5 Kf7 41. Kxd5 Qc4+ 42. Kd6 Qe6+ 43. Kc5 Ke7 44. d5 Qd6+ 45. Kd4 Qf6+ 0-1

[Event "IIFL Wealth 4th Mumbai Open"]
[Site "Mumbai"]
[Date "2019.01.07"]
[Round "9"]
[White "Shreyas, Ghadi"]
[Black "Tanuj, Dayal"]
[Result "0-1"]
[ECO "D10"]
[WhiteElo "1653"]
[BlackElo "1803"]
[Annotator "NA RC"]
[PlyCount "65"]
[EventDate "2018.12.30"]
[EventType "swiss"]
[EventCountry "IND"]
[SourceTitle "playchess.com"]
[Source "ChessBase"]
[SourceQuality "1"]
[TimeControl "40/5400+30:1800+30"]

1. d4 d5 2. c4 c6 3. Nc3 Nf6 4. cxd5 cxd5 5. Bf4 Nc6 6. e3 a6 7. Bd3 e6 8. Qe2 Bb4 9. Nf3 O-O 10. O-O h6 11. Rfc1 Nh5 12. Bg3 Nxg3 13. hxg3 Qe7 14. Na4 Bd7 15. Nc5 Bxc5 16. Rxc5 Rfd8 17. Rac1 Qd6 18. Qd1 e5 19. dxe5 Nxe5 20. Rxd5 Nxf3+ 21. Qxf3 Qb6 22. Qe4 Be6 23. Qh7+ Kf8 24. Rdc5 Rac8 25. Rxc8 Bxc8 26. Rxc8 Rxc8 27. Qh8+ Ke7 28. Qxc8 Qxb2 29. Bc4 Qb1+ 30. Kh2 Qb6 31. Bd5 Qg6 32. Qxb7+ Kd8 33. Qxf7 0-1

[Event "IIFL Wealth 4th Mumbai Open"]
[Site "Mumbai"]
[Date "2019.01.07"]
[Round "9"]
[White "Bharadia Yash"]
[Black "Dhanashree, Pandit"]
[Result "1-0"]
[ECO "C03"]
[WhiteElo "1584"]
[BlackElo "1676"]
[Annotator "NA RC"]
[PlyCount "109"]
[EventDate "2018.12.30"]
[EventType "swiss"]
[EventCountry "IND"]
[SourceTitle "playchess.com"]
[Source "ChessBase"]
[SourceQuality "1"]
[TimeControl "40/5400+30:1800+30"]

1. e4 e6 2. d4 d5 3. Nd2 Be7 4. e5 c5 5. c3 Nc6 6. Ndf3 Qb6 7. a3 c4 8. Nd2 Na5 9. f4 Nh6 10. Ngf3 Nf5 11. Qe2 Bd7 12. g4 Nh4 13. Bh3 Nb3 14. Nxb3 Nxf3+ 15. Qxf3 Bh4+ 16. Kd1 Qxb3+ 17. Ke2 Be7 18. Rd1 Ba4 19. Rd2 Qb6 20. Kf1 Rf8 21. Kg1 O-O-O 22. Qg3 g6 23. Rf2 Kb8 24. Be3 Rh8 25. Bg2 Rdg8 26. Qf3 Bh4 27. Rd2 Be7 28. h3 Qd8 29. f5 gxf5 30. gxf5 exf5 31. Qxf5 Bd7 32. Qf3 Be6 33. Kh1 Rg6 34. Rg1 Rhg8 35. Bf1 Qd7 36. Rdg2 Bf5 37. Rxg6 hxg6 38. Kh2 Rh8 39. Bg5 Bf8 40. Bf6 Rh7 41. Qg3 Ka8 42. Bg2 Be6 43. Rf1 Qb5 44. Rf2 Rh5 45. h4 Qe8 46. Bh3 Kb8 47. Bxe6 Qxe6 48. Bg5 Kc8 49. Rf6 Qe8 50. Qg4+ Kc7 51. Qf4 Rh7 52. Kg2 Kc8 53. e6 Be7 54. Rxf7 Rxf7 55. exf7 1-0